 Dungeon Crawl Stone Soup version 0.21-a0-84-g85d6d27 (webtiles) character file.

100 puppykicker the Digger (level 4, -1/33 HPs)
             Began as a Minotaur Earth Elementalist on July 5, 2017.
             Slain by Jessica
             ... wielding a +3 dagger of electrocution
              (4 damage)
             ... on level 2 of the Dungeon.
             The game lasted 00:11:01 (3370 turns).

puppykicker the Digger (MiEE)                       Turns: 3370, Time: 00:11:02

Health: -1/33      AC:  3    Str: 12    XL:     4   Next: 47%
Magic:  0/6        EV: 12    Int: 13    God:
Gold:   89         SH:  0    Dex: 11    Spells: 3/7 levels left

rFire    . . .     SeeInvis .   a - +0 mace
rCold    . . .     Gourm    .   (no shield)
rNeg     . . .     Faith    .   c - +0 robe
rPois    .         Spirit   .   (helmet restricted)
rElec    .         Reflect  .   (no cloak)
rCorr    .         Harm     .   j - +0 pair of gloves
MR       .....                  (no boots)
Stlth    ++........             (no amulet)
HPRegen  0.11/turn              (no ring)
MPRegen  0.10/turn              (no ring)

@: very slightly contaminated
A: retaliatory headbutt, horns 2
a: no special abilities


You were on level 2 of the Dungeon.
You were hungry.

You visited 1 branch of the dungeon, and saw 2 of its levels.

You collected 89 gold pieces.


Innate Abilities, Weirdness & Mutations

You reflexively headbutt those who attack you in melee.
You have a pair of horns on your head.


   Skills:
 + Level 2.2 Maces & Flails
 - Level 2.1 Dodging
 - Level 1.5 Stealth
 - Level 2.0 Spellcasting
 + Level 0.7 Conjurations
   Level 0.7 Transmutations
 + Level 3.3 Earth Magic


You had 3 spell levels left.
You knew the following spells:

 Your Spells              Type           Power        Failure   Level  Hunger
a - Sandblast             Erth           ##....       6%          1    ##.....
c - Stone Arrow           Conj/Erth      #.....       32%         3    ####...

Inventory:

Hand Weapons
 a - a +0 mace (weapon)
 b - a +0 hand axe
Missiles
 h - 20 poisoned needles
 l - 41 stones (quivered)
 p - 12 bolts
Armour
 c - a +0 robe (worn)
 j - a +0 pair of gloves (worn)
 r - a +0 ring mail
Scrolls
 k - a scroll of remove curse {unknown}
 o - 2 scrolls of enchant weapon {unknown}
 q - a scroll of teleportation {unknown}
Potions
 f - a potion of heal wounds {unknown}
 g - 3 potions of curing {unknown}
 m - a potion of might {unknown}
 s - a potion of lignification {unknown}
Books
 e - a book of Geomancy
Comestibles
 d - 5 bread rations
 i - a meat ration

Dungeon Overview and Level Annotations

Branches:
Dungeon (2/15)

Altars:
Ashenzari

Annotations:
D:2 Jessica

#####.# #÷# #.# ##.## #.# #....
########.# #.##. ......##.# #.#..
#####.##.# ##### #...≈ #.###.##.#
##...#######...≈
...##.##.#########......##......≈
#.............)@@............≈.≈≈
......#...#######.......≈.≈≈≈P≈≈≈
###...................≈≈.≈≈≈≈≈≈≈≈
#...≈..P≈≈.≈≈≈.≈≈≈.≈≈P≈≈≈≈≈≈≈≈P
####≈≈.PP≈≈P≈≈≈≈.P≈≈≈≈≈≈≈≈≈≈≈≈.
#≈≈≈≈P≈P≈≈≈≈≈≈≈≈≈≈≈≈≈≈≈≈≈≈≈..≈
≈≈≈≈≈≈≈≈≈≈≈≈≈≈≈≈≈≈≈≈≈≈≈P≈≈≈PP.
≈≈≈≈≈≈≈≈≈≈≈≈≈≈≈.P..≈≈....≈....
######.≈.P≈≈.≈......≈P≈≈)......#


You could see Jessica.


Message History

You miscast Stone Arrow.
You are very lightly contaminated with residual magic.
A wave of violent energy washes through your body!
Okay, then.
Jessica casts a spell.
Jessica blinks!
Jessica hits you but does no damage. Jessica barely misses you.
Jessica gestures wildly while chanting.
Jessica seems to speed up.
You see here a short sword.
Jessica gestures at you while chanting. You resist with some effort.
Aiming: Stone Arrow
Aim: Jessica, wielding a dagger of electrocution and wearing a robe (fast)
The stone arrow misses Jessica.
You are feeling hungry.
Jessica closely misses you.
Aiming: Sandblast
Aim: Jessica, wielding a dagger of electrocution and wearing a robe (fast)
The blast of sand hits Jessica.
Jessica is heavily wounded.
l - 41 stones Jessica hits you with a dagger of electrocution.
* * * LOW HITPOINT WARNING * * *
You are electrocuted!
* * * LOW HITPOINT WARNING * * *
Jessica looks very angry.
Jessica hits you with a dagger of electrocution.
You die...

Action                   |  1- 3 |  4- 6 || total
-------------------------+-------+-------++-------
Melee: Whip              |    41 |       ||    41
       Unarmed           |     6 |       ||     6
       Headbutt          |    13 |     5 ||    18
       Hand axe          |    40 |       ||    40
       Mace              |    45 |    19 ||    64
 Cast: Sandblast         |    12 |     9 ||    21
       Stone Arrow       |       |     1 ||     1
 Stab: Sleeping          |     2 |       ||     2
  Eat: Chunk             |     6 |     2 ||     8
Armor: Robe              |    19 |     6 ||    25
Dodge: Dodged            |   100 |    25 ||   125

Vault maps used:
D:1:      dpeg_arrival_ratfight
D:2:      ashenzari_conservatory_becter, first_bread, corexii_corridor_pit,
          chequers_big_river, uniq_jessica

Notes
Turn   | Place    | Note
-------+----------+-------------------------------------------
     0 | D:1      | puppykicker the Minotaur Earth Elementalist began the quest for the Orb.
     0 | D:1      | Reached XP level 1. HP: 14/14 MP: 1/1
   490 | D:1      | Reached XP level 2. HP: 16/20 MP: 3/3
  1149 | D:1      | Reached skill level 2 in Spellcasting
  1360 | D:1      | Reached XP level 3. HP: 25/26 MP: 5/5
  1364 | D:1      | Reached skill level 3 in Earth Magic
  1408 | D:1      | Learned a level 3 spell: Stone Arrow
  1748 | D:2      | Noticed Jessica
  1912 | D:2      | Found a shattered altar of Ashenzari.
  2117 | D:2      | Reached skill level 1 in Maces & Flails
  2719 | D:2      | Reached XP level 4. HP: 13/33 MP: 4/6
  3102 | D:2      | Reached skill level 2 in Maces & Flails
  3369 | D:2      | HP: 3/33 [Jessica/dagger of electrocution (16)]
  3370 | D:2      | Slain by Jessica

Vanquished Creatures
  4 adders (D:2)
  3 worms (D:2)
  An orc (D:2)
  5 giant cockroaches
  8 goblins
  3 hobgoblins
  4 jackals (D:1)
  5 kobolds
  9 bats
  6 frilled lizards
  8 rats
56 creatures vanquished.
